 Dungeon Crawl Stone Soup version 0.19.1 (webtiles) character file.

3716 doubledope the Carver (level 9, -1/79 HPs)
             Began as a Minotaur Fighter on Dec 4, 2016.
             Was an Elder of Okawaru.
             Slain by a flying skull (7 damage)
             ... on level 1 of the Abyss.
             The game lasted 00:21:40 (5238 turns).

doubledope the Carver (Minotaur Fighter)            Turns: 5238, Time: 00:21:41

Health: -1/79      AC: 15    Str: 24    XL:     9   Next: 91%
Magic:  8/8        EV: 12    Int:  5    God:    Okawaru [****..]
Gold:   393        SH:  0    Dex: 10    Spells: 0 memorised, 8 levels left

rFire  . . .     SeeInvis .     H - +3 great sword
rCold  . . .     Gourm    .     l - +0 chain mail
rNeg   . . .     Faith    .     (shield currently unavailable)
rPois  .         Spirit   .     (helmet restricted)
rElec  .         Reflect  .     i - +0 cloak
rCorr  +         Harm     .     q - +2 pair of gloves
MR     .....                    (no boots)
Stlth  ..........               (no amulet)
                                y - ring of resist corrosion
                                w - +3 ring of evasion

@: exhausted, very slightly contaminated, non-regenerating, diseased, slowed,
invisible, very slow
A: retaliatory headbutt, horns 2
a: Heroism, Renounce Religion


You were on level 1 of the Abyss.
You worshipped Okawaru.
Okawaru was greatly pleased with you.
You were not hungry.

You visited 2 branches of the dungeon, and saw 9 of its levels.
You visited the Abyss 1 time.

You collected 393 gold pieces.

Inventory:

Hand Weapons
 a - a +0 long sword
 A - a +0 great sword of distortion
 H - a +3 great sword (weapon)
Armour
 b - a +0 scale mail
 c - a +0 shield
 i - a +0 cloak (worn)
 l - a +0 chain mail (worn)
 q - a +2 pair of gloves (worn)
Jewellery
 w - a +3 ring of evasion (left hand)
 y - a ring of resist corrosion (right hand)
Wands
 E - a wand of polymorph (9/24)
Scrolls
 e - a scroll of fog
 g - 5 scrolls of identify
 j - a scroll of fear
 m - 2 scrolls of enchant armour
 n - 2 scrolls of enchant weapon
 s - 2 scrolls of magic mapping
 z - a scroll of teleportation {unknown}
 B - a scroll of amnesia {unknown}
 D - a scroll of silence {unknown}
 F - a scroll of blinking {unknown}
 J - a scroll of holy word {unknown}
Potions
 d - a potion of might
 o - a potion of mutation {unknown}
 p - a potion of ambrosia {unknown}
 r - 2 potions of resistance
 t - a potion of heal wounds {unknown}
 u - a potion of berserk rage {unknown}
 v - a potion of beneficial mutation {unknown}
 x - a potion of agility {unknown}
 C - a potion of magic {unknown}
 G - a potion of flight {unknown}
 I - a potion of curing {unknown}
Comestibles
 f - 3 bread rations
 h - 2 meat rations
 k - 10 fruits


   Skills:
 + Level 7.4 Fighting
 + Level 12.1 Long Blades
 + Level 7.7 Armour
 + Level 3.4 Dodging
 + Level 0.3 Stealth
 + Level 7.1 Shields


You had 8 spell levels left.
You didn't know any spells.

Dungeon Overview and Level Annotations

Branches:
Dungeon (8/15)             Temple (1/1) D:7
   Lair: D:8-11

Altars:
Ashenzari
Cheibriados
Dithmenos
Elyvilon
Fedhas
Gozag
Makhleb
Nemelex Xobeh
Okawaru
Qazlal
Sif Muna
Trog
Uskayaw
Xom
Yredelemnul
Zin
The Shining One

Annotations:
D:6 Pikel


Innate Abilities, Weirdness & Mutations

You reflexively headbutt those who attack you in melee.
You have a pair of horns on your head.


Message History

You headbutt the flying skull!
You riposte.
You strike the helpless flying skull from behind!
You slice the flying skull!!
You destroy the flying skull!
Okawaru accepts your kill.
The flying skull is engulfed in seething chaos.
The flying skull's wounds heal themselves!
The flying skull is engulfed in seething chaos.
The flying skull flickers and vanishes!
Deactivating autopickup; reactivate with Ctrl-A.
You feel a strong urge to attack something.
The neqoxec is engulfed in seething chaos.
You feel your anger subside.
You are no longer berserk.
You are exhausted.
You feel yourself slow down.
The flying skull hits you but does no damage.
The flying skull misses you. The flying skull hits you!
You die...

##. .# . #...
... ..## .##.
.... ..
.######.#..# .
...#.#.... #
#.####.3.#.#
#.#####.#.#..z.#
..#
#.@z.#..#..#§z
.# ###.zx.#..
... .#
#.#...##...##..#
##...#......##.#
#...........# ##
###...###...# #
..##. #. .# #.
... #.# #### .
###. .# .....


You could see an ancient zyme and 2 flying skulls.

Vanquished Creatures
  An ancient zyme (Abyss:1)
  A hellwing (Abyss:1)
  A hippogriff (D:7)
  2 flying skulls (Abyss:1)
  The ghost of Philosophy the Poker, an amateur MfGl (D:4)
  An ice beast (D:7)
  3 sky beasts
  2 phantoms
  4 slaves (D:6)
  An orc warrior (D:6)
  2 ogres
  A centaur (D:6)
  2 bullfrogs
  Blork the orc (D:6)
  A wyvern skeleton (D:7)
  4 scorpions
  A wight (D:8)
  A crimson imp (D:5)
  A bullfrog zombie (D:5)
  A centaur zombie (D:5)
  6 hounds
  4 orc priests
  Crazy Yiuf (D:3)
  8 orc wizards
  3 iguanas
  6 worker ants
  A hound zombie (D:7)
  A hound skeleton (D:4)
  A howler monkey skeleton (D:4)
  14 adders
  An ooze (D:3)
  4 adder skeletons
  An adder zombie (D:6)
  2 worms
  2 dart slugs
  6 leopard geckos
  33 orcs
  A ball python (D:3)
  7 giant cockroaches
  5 goblins
  6 hobgoblins
  5 jackals
  10 kobolds
  3 quokkas
  11 bats
  3 frilled lizards
  A jackal skeleton (D:4)
  2 leopard gecko skeletons
  A leopard gecko zombie (D:7)
  13 rats
194 creatures vanquished.

Vanquished Creatures (others)
  A centaur (D:7)
  A bullfrog zombie (D:6)
  An orc wizard (D:3)
3 creatures vanquished.

Grand Total: 197 creatures vanquished

Notes
Turn   | Place    | Note
-------+----------+-------------------------------------------
     0 | D:1      | doubledope the Minotaur Fighter began the quest for the Orb.
     0 | D:1      | Reached XP level 1. HP: 19/19 MP: 0/0
    42 | D:1      | Found a shattered altar of Ashenzari.
    54 | D:1      | Reached XP level 2. HP: 20/27 MP: 1/1
   470 | D:1      | Reached XP level 3. HP: 33/33 MP: 2/2
   625 | D:2      | Found a basalt altar of Yredelemnul.
   704 | D:2      | Found an iron altar of Okawaru.
   728 | D:2      | Became a worshipper of Warmaster Okawaru
   973 | D:2      | Reached skill level 3 in Long Blades
  1138 | D:3      | Found a runed door.
  1164 | D:3      | Reached XP level 4. HP: 40/40 MP: 3/3
  1209 | D:3      | Reached skill level 1 in Dodging
  1219 | D:3      | Reached XP level 5. HP: 42/47 MP: 4/4
  1233 | D:3      | Reached * piety under Okawaru
  1233 | D:3      | Reached skill level 4 in Long Blades
  1694 | D:3      | Reached XP level 6. HP: 51/53 MP: 5/5
  1862 | D:3      | Noticed Crazy Yiuf
  1866 | D:3      | Killed Crazy Yiuf
  1866 | D:3      | Reached skill level 5 in Shields
  1933 | D:4      | Reached skill level 5 in Armour
  2035 | D:4      | Noticed Philosophy's ghost (amateur MfGl)
  2053 | D:4      | Killed Philosophy's ghost
  2053 | D:4      | Reached skill level 5 in Fighting
  2053 | D:4      | Reached skill level 5 in Long Blades
  2371 | D:4      | Reached XP level 7. HP: 50/61 MP: 6/6
  2551 | D:4      | Reached ** piety under Okawaru
  2571 | D:4      | Reached skill level 6 in Long Blades
  2846 | D:4      | Reached skill level 7 in Long Blades
  2882 | D:4      | Reached XP level 8. HP: 70/70 MP: 7/7
  3227 | D:5      | Entered Level 5 of the Dungeon
  3673 | D:5      | Reached skill level 8 in Long Blades
  3813 | D:6      | Noticed Pikel
  3817 | D:6      | Reached *** piety under Okawaru
  3881 | D:6      | Noticed Blork the orc
  3902 | D:6      | Killed Blork the orc
  3902 | D:6      | Reached skill level 9 in Long Blades
  4149 | D:6      | Reached XP level 9. HP: 78/78 MP: 8/8
  4413 | D:7      | Reached skill level 10 in Long Blades
  4438 | D:7      | Found a shadowy altar of Dithmenos.
  4454 | D:7      | Found a staircase to the Ecumenical Temple.
  4472 | Temple   | Entered the Ecumenical Temple
  4684 | D:7      | Got a heavily runed buckler
  4771 | D:7      | Reached **** piety under Okawaru
  4771 | D:7      | Reached skill level 11 in Long Blades
  4885 | D:7      | Found a blossoming altar of Fedhas.
  5042 | D:8      | Cast into level 1 of the Abyss (a distortion unwield)
  5098 | Abyss:1  | Noticed a hellwing
  5102 | Abyss:1  | Noticed an ancient zyme
  5113 | Abyss:1  | Killed a hellwing
  5120 | Abyss:1  | Killed an ancient zyme
  5214 | Abyss:1  | Reached skill level 12 in Long Blades
  5218 | Abyss:1  | Noticed an ancient zyme
  5227 | Abyss:1  | Noticed an apocalypse crab
  5238 | Abyss:1  | Slain by a flying skull

Skill      XL: |  1  2  3  4  5  6  7  8  9 |
---------------+----------------------------+-----
Fighting       | 4 5 6 7 |  7.4
Armour         | 4 5 6 7 |  7.7
Shields        | 4 5 6 7 |  7.1
Long Blades    | 3 4 5 7 9 12 | 12.1
Dodging        | 1 2 3 |  3.4
Stealth        | |  0.3

Action                   |  1- 3 |  4- 6 |  7- 9 || total
-------------------------+-------+-------+-------++-------
Melee: Long sword        |    93 |   112 |   190 ||   395
       Headbutt          |    16 |    35 |    61 ||   112
       Great sword       |       |       |   144 ||   144
  Use: Scroll            |       |     6 |     3 ||     9
 Stab: Invisible         |       |       |     1 ||     1
  Eat: Chunk             |       |     1 |     1 ||     2
       Meat ration       |       |     1 |       ||     1
       Bread ration      |       |       |     2 ||     2
       Beef jerky        |       |       |     1 ||     1
Armor: Scale mail        |    38 |       |       ||    38
       Chain mail        |    28 |    67 |   167 ||   262
Dodge: Dodged            |    36 |    33 |   180 ||   249
Block: Shield            |    63 |    69 |    89 ||   221
       Rpst.: Long sword |    14 |     8 |    18 ||    40
       Great sword       |       |       |    28 ||    28
